 Dungeon Crawl Stone Soup version 0.26.0-10-g1f06aea511 (console) character file.

Game seed: 11730026664995416058

60 doot the Conjurer (level 4, -2/24 HPs)
             Began as a Tengu Conjurer on Jan 28, 2021.
             Killed by divine providence
             ... invoked by an orc priest
              (12 damage)
             ... on level 3 of the Dungeon.
             The game lasted 00:03:46 (1981 turns).

doot the Conjurer (Tengu Conjurer)                  Turns: 1981, Time: 00:03:46

Health: -2/24      AC:  2    Str:  7    XL:     4   Next: 6%
Magic:  4/8        EV: 12    Int: 20    God:
Gold:   133        SH:  0    Dex: 12    Spells: 4/7 levels left

rFire    . . .     SeeInvis .   k - +0 short sword
rCold    . . .     Faith    .   (no shield)
rNeg     . . .     Spirit   .   a - +0 robe
rPois    .         Reflect  .   (helmet restricted)
rElec    .         Harm     .   (no cloak)
rCorr    .         Rampage  .   (no gloves)
Will     .....                  (boots unavailable)
Stlth    ++........             (no amulet)
HPRegen  0.08/turn              (no ring)
MPRegen  0.11/turn              (no ring)

@: no status effects
A: beak, talons 3
a: no special abilities


You were on level 3 of the Dungeon.
You visited 1 branch of the dungeon, and saw 3 of its levels.

You collected 133 gold pieces.

Inventory:

Hand Weapons
 c - a +0 club
 k - a +0 short sword (weapon)
Missiles
 i - 24 poisoned darts
Armour
 a - a +0 robe (worn)
Scrolls
 b - a scroll of teleportation {unknown}
 d - a scroll of amnesia {unknown}
 e - a scroll of noise {unknown}
 f - 3 scrolls of remove curse {unknown}
 j - a scroll of magic mapping {unknown}
 m - 2 scrolls of random uselessness {unknown}
 p - a scroll of identify {unknown}
Potions
 g - a potion of flight {unknown}
 h - a potion of cancellation {unknown}
 l - a potion of curing {unknown}
 n - a potion of ambrosia {unknown}
 o - a potion of attraction {unknown}
 q - 2 potions of lignification {unknown}


   Skills:
 + Level 2.5 Dodging
 + Level 2.1 Stealth
 + Level 2.1 Spellcasting
 + Level 6.9 Conjurations


You had 4 spell levels left.
You knew the following spells:

 Your Spells              Type           Power        Failure   Level
a - Magic Dart            Conj           100%         1%          1
b - Searing Ray           Conj           58%          1%          2

Your spell library contained the following spells:

 Spells                   Type           Power        Failure   Level
 Dazzling Flash           Conj/Hex       30%          12%         3
 Fulminant Prism          Conj/Hex       7%           36%         4
 Iskenderun's Mystic Bla  Conj/Tloc      15%          36%         4


Dungeon Overview and Level Annotations

Branches:
Dungeon (3/15)

Altars:
The Shining One
Beogh

Annotations:
D:3 1 transporter


Innate Abilities, Weirdness & Mutations

You have a beak for a mouth.
You have claws for feet.


Message History

Casting: Searing Ray (safe; 1% risk of failure)
Confirm with . or Enter, or press ? or * to list all spells.
Aiming: Searing Ray (safe; 1% risk of failure)
Press: ? - help, Shift-Dir - straight line, f - orc
Aim: an orc, wielding a +1 mace of protection (21% to evade)
The searing ray hits the orc.
The orc is moderately wounded. (Press . to maintain the ray.)
The searing ray hits the orc.
You kill the orc!
The orc wizard casts a spell at you. The magic dart hits you!
You finish channeling your searing ray.
You close the door.
The orc wizard points at you and mumbles some strange words.
The magic dart hits you!
The orc priest mumbles some strange prayers to Beogh against you.
Beogh smites you!
Ouch! That really hurt!
You die...

.#.####.# #.#.##.# #....##.#
.#+####.# #.#.##.# #....##.#
....).#.# #.#.##.# #######+#
......'.# #.#.##.###$o$##
#.....### #.#....##$8$8$#
#.....# #.#....##$$§o)#
#.....# #.#.....#$8.8.#
#.....# #.##...###...# .
####### #.......'##'## >.
#########.###....## ...
#...)...@.........# ....
#####.######..o###....#.....
#.....# ##...###.#......#
#.....# #........#)#(...#
#.....# #.....†###+#o...#
#####.# #......#........#
#.# #......o.)......# #.#
##................ #.#
#.............#.. #.#
#.........###>+ . #.#
#(....#########


You could see an orc priest and an orc wizard.

Vanquished Creatures
  An adder (D:3)
  An ooze (D:1)
  A worm (D:3)
  3 dart slugs
  A leopard gecko (D:1)
  2 orcs (D:3)
  4 goblins
  3 hobgoblins (D:1)
  2 jackals (D:3)
  8 kobolds
  A quokka (D:3)
  3 bats
  A frilled lizard (D:3)
  4 rats (D:1)
35 creatures vanquished.

Vanquished Creatures (others)
  A fungus (D:1)
  3 plants (D:1)
4 creatures vanquished.

Grand Total: 39 creatures vanquished

Notes
Turn   | Place    | Note
-------+----------+-------------------------------------------
     0 | D:1      | doot the Tengu Conjurer began the quest for the Orb.
     0 | D:1      | Reached XP level 1. HP: 10/10 MP: 4/4
   145 | D:1      | Reached XP level 2. HP: 15/15 MP: 3/6
   255 | D:1      | Reached skill level 6 in Conjurations
   472 | D:1      | Reached XP level 3. HP: 12/19 MP: 0/7
   865 | D:3      | Learned a level 2 spell: Searing Ray
  1620 | D:3      | Found a glowing golden altar of the Shining One.
  1797 | D:3      | Found a roughly hewn altar of Beogh.
  1926 | D:3      | Reached XP level 4. HP: 24/24 MP: 5/8
  1930 | D:3      | Found a transporter.
  1981 | D:3      | Killed from afar by an orc priest

Illustrated notes

Levels and vault maps discovered:
D:1:      wander_arrival_fairy_ring, layout_basic
D:2:      cheibrodos_old_hovel, layout_basic, overflow_temple_1_default,
          uniq_terence
D:3:      gammafunk_steamed_eel, layout_basic, lemuel_coloured_pillars_altar,
          kennysheep_orc_chapel, uniq_grinder

Skill      XL: |  1  2 |
---------------+-------+-----
Conjurations   | 6 |  6.9
Dodging        | |  2.5
Stealth        | |  2.1
Spellcasting   | |  2.1

Action                   |  1- 3 |  4- 6 || total
-------------------------+-------+-------++-------
Melee: Unarmed           |     3 |       ||     3
 Cast: Magic Dart        |    43 |       ||    43
       Searing Ray       |     8 |     1 ||     9
Armor: Robe              |     1 |       ||     1
Dodge: Dodged            |    12 |       ||    12
